 Dungeon Crawl Stone Soup version 0.28-a0-1130-gc51a68064b (webtiles) character file.

Game seed: 8146507163058998552

1317 ducksouse the Shield-Bearer (level 8, 0/73 HPs)
             Began as a Minotaur Fighter on Dec 13, 2021.
             Was a Follower of Makhleb.
             Succumbed to a killer bee's poison
             ... on level 5 of the Dungeon.
             The game lasted 00:15:35 (6330 turns).

ducksouse the Shield-Bearer (Minotaur Fighter)      Turns: 6330, Time: 00:15:36

Health: 0/73       AC: 13    Str: 22    XL:     8   Next: 33%
Magic:  7/7        EV:  6    Int:  5    God:    Makhleb [*.....]
Gold:   148        SH:  9    Dex: 11    Spells: 7/7 levels left

rFire   + . .      SeeInvis .   u - +0 flail (protect)
rCold   + . .      Faith    .   g - +0 kite shield
rNeg    . . .      Spirit   .   h - +0 chain mail
rPois   +          Reflect  .   (helmet restricted)
rElec   +          Harm     .   (no cloak)
rCorr   +          Rampage  .   b - +0 pair of gloves
Will    .....                   e - +0 pair of boots
Stlth   ..........              (no amulet)
HPRegen 0.22/turn               s - ring of resist corrosion
MPRegen 0.10/turn               (no ring)

@: mighty, lethally poisoned (0 -> -1), resistant
A: horns 2, retaliatory headbutt
a: Renounce Religion


You were on level 5 of the Dungeon.
You worshipped Makhleb.
Makhleb was aware of your devotion.
You visited 2 branches of the dungeon, and saw 7 of its levels.

You collected 148 gold pieces.

Inventory:

Hand Weapons
 a - a +0 long sword
 c - the +12 whip of the Imperium {pain, Stlth+}
   (You found it on level 5 of the Dungeon)

   In the hands of one skilled in necromantic magic, it inflicts extra damage on
   living creatures.
   Stlth:     It makes you more stealthy.
 u - a +0 flail of protection (weapon)
 w - a +0 flail of draining
Armour
 b - a +0 pair of gloves (worn)
 e - a +0 pair of boots (worn)
 g - a +0 kite shield (worn)
 h - a +0 chain mail (worn)
Jewellery
 s - a ring of resist corrosion (left hand)
Scrolls
 i - a scroll of teleportation
 k - a scroll of torment {unknown}
 l - 2 scrolls of immolation
 o - a scroll of enchant weapon {unknown}
 p - a scroll of magic mapping {unknown}
 v - a scroll of brand weapon {unknown}
Potions
 f - a potion of brilliance {unknown}
 j - 2 potions of berserk rage {unknown}
 m - a potion of resistance
 n - a potion of flight {unknown}
 q - a potion of attraction {unknown}
 r - a potion of haste {unknown}


   Skills:
 + Level 7.0 Fighting
 - Level 5.5 Long Blades
 + Level 3.0 Maces & Flails
 + Level 7.1 Armour
 + Level 7.1 Shields


You had 7 spell levels left.
You didn't know any spells.
Your spell library contained the following spells:

 Spells                   Type           Power      Damage    Failure   Level
 Passwall                 Tmut/Erth      0%         N/A       100%        2
 Swiftness                Air            0%         N/A       100%        3
 Fireball                 Conj/Fire      0%         3d3       100%        5
 Iskenderun's Battlesphe  Conj           0%         2d6       100%        5
 Conjure Ball Lightning   Conj/Air       0%         3x3d6     100%        6
 Orb of Destruction       Conj           0%         N/A       100%        7


Dungeon Overview and Level Annotations

Branches:
Dungeon (6/15)             Temple (1/1) D:5

Altars:
Dithmenos
Elyvilon
Kikubaaqudgha
Makhleb
Nemelex Xobeh
Okawaru
Ru
Trog
Uskayaw
Vehumet
Wu Jian
Xom
Yredelemnul
Zin


Innate Abilities, Weirdness & Mutations

You have a pair of horns on your head.
You reflexively headbutt those who attack you in melee.


Message History

* * * LOW HITPOINT WARNING * * *
You barely miss the killer bee.
The killer bee is severely wounded.
You feel very sick.
The killer bee stings you but does no damage.
You block the killer bee's attack. The killer bee completely misses you.
You block the killer bee's attack.
You closely miss the killer bee. Your headbutt misses the killer bee.
The killer bee is severely wounded.
You feel very sick. You block the killer bee's attack. x2
The killer bee stings you but does no damage.
The killer bee stings you.
* * * LOW HITPOINT WARNING * * *
The killer bee stings you.
* * * LOW HITPOINT WARNING * * *
The killer bee stings you but does no damage.
You miss the killer bee. Your headbutt misses the killer bee.
The killer bee is heavily wounded.
* * * LOW HITPOINT WARNING * * *
You feel sick. The killer bee barely misses you.
The killer bee stings you but does no damage. x3
You block the killer bee's attack. The killer bee closely misses you.
As you read the scroll labelled ESEREG ZIH, it crumbles to dust.
The creatures around you are filled with an inner flame!
It was a scroll of immolation.
* * * LOW HITPOINT WARNING * * *
You feel sick. You block the killer bee's attack.
The killer bee barely misses you.
The killer bee stings you but does no damage. x2
Unknown command.
* * * LOW HITPOINT WARNING * * *
You feel sick. You block the killer bee's attack. x2
You see here an adder corpse.
* * * LOW HITPOINT WARNING * * *
You feel sick.
The killer bee stings you but does no damage. x2
* * * LOW HITPOINT WARNING * * *
You feel sick. You block the killer bee's attack. x2
You die...

###########.# #.#.#
##. ............#
#.#.# #.
.############ #.#.##
#. .# #.†..# #. .#
#>...# #. .#
###†...#### #. .#
#..yy.....# #. .#
#.........#########.
.#
#..@................
.#
####...#############
## #...# #######...#
#........##
#.######## ##### #.#
#...# #.# #.#.# #.#


You could see 2 killer bees.

Vanquished Creatures
  An ice beast (D:5)
  A sky beast (D:5)
  2 ogres
  A black bear (D:5)
  A phantom (D:5)
  A centaur (D:5)
  2 scorpions
  A wyvern skeleton (D:6)
  A water moccasin skeleton (D:6)
  A killer bee (D:5)
  2 jellies
  3 hounds
  An orc priest (D:5)
  A bullfrog skeleton (D:6)
  2 iguanas (D:5)
  A hound skeleton (D:4)
  7 adders
  An ufetubus (D:4)
  2 adder skeletons (D:4)
  2 worms
  5 dart slugs
  5 orcs
  7 ball pythons
  7 endoplasms
  4 giant cockroaches
  4 goblins
  4 hobgoblins
  3 jackals (D:5)
  6 kobolds
  8 quokkas
  2 bats
  3 frilled lizards
  A quokka skeleton (D:4)
  5 rats
98 creatures vanquished.

Vanquished Creatures (others)
  An orc wizard (D:5)
  2 plants (D:5)
3 creatures vanquished.

Grand Total: 101 creatures vanquished

Notes
Turn   | Place    | Note
-------+----------+-------------------------------------------
     0 | D:1      | ducksouse the Minotaur Fighter began the quest for the Orb.
     0 | D:1      | Reached XP level 1. HP: 19/19 MP: 0/0
   446 | D:1      | Reached XP level 2. HP: 27/27 MP: 1/1
  1232 | D:2      | Found a faded altar of an unknown god.
  1366 | D:2      | Reached XP level 3. HP: 17/33 MP: 2/2
  1683 | D:2      | Found an ancient bone altar of Kikubaaqudgha.
  2223 | D:3      | Reached XP level 4. HP: 40/40 MP: 3/3
  3367 | D:4      | Reached XP level 5. HP: 47/47 MP: 4/4
  3492 | D:4      | Reached skill level 5 in Shields
  3512 | D:4      | Found a burning altar of Makhleb.
  3515 | D:4      | Became a worshipper of Makhleb the Destroyer
  3543 | D:4      | Reached skill level 5 in Fighting
  3543 | D:4      | Reached skill level 5 in Armour
  3543 | D:4      | Reached XP level 6. HP: 39/56 MP: 5/5
  4051 | D:5      | Entered Level 5 of the Dungeon
  4059 | D:5      | Noticed an ice beast
  4069 | D:5      | Killed an ice beast
  4562 | D:5      | Identified the +12 whip of the Imperium {pain, Stlth+}
  4579 | D:5      | Reached skill level 5 in Long Blades
  4579 | D:5      | Reached XP level 7. HP: 60/62 MP: 6/6
  5066 | D:5      | Found a bloodstained altar of Trog.
  5253 | D:5      | Reached skill level 1 in Maces & Flails
  5587 | D:5      | Found a staircase to the Ecumenical Temple.
  5611 | Temple   | Entered the Ecumenical Temple
  5982 | D:6      | Reached XP level 8. HP: 40/71 MP: 7/7
  6018 | D:5      | Reached * piety under Makhleb
  6326 | D:5      | HP: 3/73 [poisoned by a killer bee]
  6329 | D:5      | HP: 1/73 [poisoned by a killer bee]
  6330 | D:5      | Succumbed to a killer bee's poison

Illustrated notes

Levels and vault maps discovered:
D:1:      saegor_arrival_under_anarchy, layout_loops_corners
D:2:      layout_loops_cross, basic_altar, basic_ecumenical_altar
D:3:      layout_loops_ring
D:4:      layout_loops_ring, lemuel_doored_altar
D:5:      layout_loops_ring, lightli_temple_of_fire,
          minmay_temple_entry_offerings, saegor_snake_ambush
D:6:      layout_rooms, mainiacjoe_overflow_catwalk, uniq_menkaure,
          uniq_grinder, uniq_crazy_yiuf_cottage
Temple:   chequers_temple_sunken

Skill      XL: |  1  2  3  4  5  6  7  8 |
---------------+-------------------------+-----
Fighting       | 4 5 6 7 |  7.0
Shields        | 4 5 6 7 |  7.1
Armour         | 4 5 6 7 |  7.1
Long Blades    | 3 4 5 |  5.5
Maces & Flails | 2 3 |  3.0

Action                   |  1- 3 |  4- 6 |  7- 9 || total
-------------------------+-------+-------+-------++-------
Melee: Long sword        |    66 |   148 |    46 ||   260
       Headbutt          |     8 |    32 |    22 ||    62
       Flail             |       |       |    80 ||    80
  Use: Scroll            |       |     4 |     1 ||     5
       Potion            |       |     2 |     4 ||     6
Armor: Scale mail        |    21 |       |       ||    21
       Chain mail        |    19 |   101 |   119 ||   239
Dodge: Dodged            |    20 |    49 |    58 ||   127
Block: Buckler           |     8 |    12 |       ||    20
       Kite shield       |       |    63 |   110 ||   173

Table legend: (Time is in decaauts)
 A = Elapsed time spent in this place.
 B = Non-inter-level travel time spent in this place.
 C = Inter-level travel time spent in this place.
 D = Time resting spent in this place.
 E = Time spent auto-exploring this place.
 F = Levels seen in this place.
 G = Mean time per level.
                   A        B        C        D        E       F      G
               +--------+--------+--------+--------+--------+-----+--------+
         Total |   6498 |   6199 |    299 |   1151 |   3682 |   7 |  928.3 |
       Dungeon |   6376 |   6077 |    299 |   1151 |   3682 |   6 | 1062.7 |
        Temple |    122 |    122 |      0 |      0 |      0 |   1 |  122.0 |
               +--------+--------+--------+--------+--------+-----+--------+

Top non-repeatable levels by time:
     D:5: 2206 daAuts
     D:3: 1165 daAuts
     D:1: 1068 daAuts
     D:4: 994 daAuts
     D:2: 880 daAuts
  Temple: 122 daAuts
     D:6: 61 daAuts
